 Dungeon Sprint DCSS version 0.28.0-43-g3370ac3207 (webtiles) character file.

Game seed: 16010764694732768976

1000000 smarlow the Eclecticist (level 11, -21/84 HPs)
             Began as a Djinni Warper on Mar 3, 2022.
             Was a Follower of Makhleb.
             Demolished by a bag of meat
             ... wielding a +9 war axe
              (42 damage)
             ... in the Dungeon (Sprint VIII: "Arena of Blood").
             The game lasted 00:00:26 (10 turns).

smarlow the Eclecticist (Djinni Warper)               Turns: 10, Time: 00:00:26

Health: -21/84     AC:  3    Str: 14    XL:     11   Next: 25%
Gold:   0          EV: 16    Int: 15    God:    Makhleb [*.....] SH:  0 Dex: 13

rFire   + + .      SeeInvis .   i - +∞ Axe of Woe
rCold   x . .      Faith    .   (shield currently unavailable)
rNeg    . . .      Spirit   .   b - +0 leather armour
rPois   ∞          Reflect  .   (no helmet)
rElec   .          Harm     .   (no cloak)
rCorr   .          Rampage  .   (no gloves)
Will    +....      NoTele   +   (boots unavailable)
Stlth   +.........              (no amulet)
HPRegen 0.24/turn               (no ring)
MPRegen 0.00/turn               (no ring)

@: flying
A: sickness immunity, fire resistance 2, cold vulnerability 1, float, innate
caster, HP casting, extra vitality 1
a: Renounce Religion


You were in the Dungeon.
You worshipped Makhleb.
Makhleb was aware of your devotion.
You visited 1 branch

Inventory:

Hand Weapons
 a - a +0 hand axe
 i - the +∞ Axe of Woe (weapon)
   (You found it in the Dungeon)
Missiles
 d - 5 boomerangs of dispersal (quivered)
Armour
 b - a +0 leather armour (worn)
Scrolls
 c - 2 scrolls of blinking
Potions
 e - a potion of curing
 f - a potion of heal wounds
 g - a potion of haste
 h - a potion of berserk rage


   Skills:
 + Level 9.1 Fighting
 + Level 7.6 Axes
 + Level 3.0 Throwing
 + Level 3.7 Armour
 + Level 10.0 Dodging
 + Level 16.1 Spellcasting


You had 12 spell levels left.
You knew the following spells:

 Your Spells              Type           Power      Damage    Failure   Level
a - Blink                 Tloc           100%       N/A       0%          2
b - Lesser Beckoning      Tloc           57%        N/A       1%          3
c - Gell's Gravitas       Tloc           57%        N/A       1%          3
d - Teleport Other        Tloc           57%        N/A       1%          3
e - Manifold Assault      Tloc           57%        N/A       1%          5
f - Beastly Appendage     Tmut           100%       N/A       0%          1
g - Static Discharge      Conj/Air       57%        N/A       0%          2
h - Dazzling Flash        Conj/Hex       100%       N/A       1%          3
i - Summon Guardian Gole  Hex/Summ       57%        N/A       1%          3
j - Alistair's Intoxicat  Tmut/Pois      38%        N/A       1%          5
Your spell library was empty.

Dungeon Overview and Level Annotations

Branches:
Dungeon (1/1)

Altars:
Makhleb


Innate Abilities, Weirdness & Mutations

You are immune to sickness and miasma.
You are immune to poison.
Your flesh is very heat resistant. (rF++)
You are vulnerable to cold. (rC-)
You float through the air rather than walking.
You learn spells naturally, not from books.
Your magical power is your life essence.
You have superior vitality. (+4 MHP)


Message History

A bag of meat and a meat berserker come into view.
The bag of meat shouts!
The meat berserker shouts!
You hear a shout!
The meat berserker rages.
You hear a shout!
A bag of meat comes into view. It is wielding a +9 war axe.
You hear a shout! x2
The meat berserker rages.
A bag of meat comes into view. It is wielding a +9 war axe.
You hear a shout!
A bag of meat comes into view. It is wielding a +9 war axe.
The bag of meat shouts! x3
The meat berserker rages.
You hear a shout! x2
A meat berserker comes into view. It is wielding a +9 battleaxe.
You hear a shout!
A bag of meat comes into view. It is wielding a +9 war axe.
You hear a shout! x2
A bag of meat comes into view.
It is wielding a +9 war axe. 2 bags of meat come into view.
The bag of meat shouts! x4; You hear a shout! x3
The meat berserker rages.
You hear a shout! x3
The meat berserker hits you with a +9 battleaxe!!!
Ouch! That really hurt!
* * * LOW HITPOINT WARNING * * *
You hit the bag of meat but do no damage.
You pulverise the bag of meat into a thin bloody mist.
You kill the bag of meat!
Makhleb accepts your kill.
You hit the meat berserker.
You hew the meat berserker savagely.
You kill the meat berserker!
Makhleb accepts your kill.
You can now gain health from killing.
You hit the bag of meat.
You slaughter the bag of meat joyfully.
You kill the bag of meat!
Makhleb accepts your kill.
The meat berserker rages.
You hear a shout! x10
The bag of meat hits you with a +9 war axe!!!
Ouch! That really hurt!
You die...

...............
....o....#.#...
......o........
....o..........
#..............
...o..o........
....O.o.O......
#.o@)...#
#..)....#
...###O.o...o###.
........###......
#........_ooo....
......#..)..#....
...o..#_.<._#....
......#....o# ..
#........_.....


You could see 3 meat berserkers and 12 bags of meat.

Vanquished Creatures
  An ogre (D)
  3 orcs (D)
4 creatures vanquished.

Notes
Turn   | Place    | Note
-------+----------+-------------------------------------------
     0 | D        | Found the +∞ Axe of Woe
     0 | D        | smarlow the Djinni Warper began the quest for the Orb.
     0 | D        | Reached XP level 1. HP: 18/18 MP: 0/0
     1 | D        | Noticed a bag of meat
     3 | D        | Killed a bag of meat
     3 | D        | Noticed a bag of meat
     3 | D        | Noticed a bag of meat
     4 | D        | Reached skill level 10 in Dodging
     4 | D        | Reached skill level 16 in Spellcasting
     4 | D        | Reached XP level 2. HP: 34/34 MP: 0/0
     4 | D        | Reached XP level 3. HP: 39/39 MP: 0/0
     4 | D        | Learned a level 1 spell: Beastly Appendage
     4 | D        | Reached XP level 4. HP: 45/45 MP: 0/0
     4 | D        | Reached XP level 5. HP: 50/50 MP: 0/0
     4 | D        | Learned a level 2 spell: Static Discharge
     4 | D        | Reached XP level 6. HP: 56/56 MP: 0/0
     4 | D        | Reached XP level 7. HP: 61/61 MP: 0/0
     4 | D        | Learned a level 3 spell: Dazzling Flash
     4 | D        | Reached XP level 8. HP: 67/67 MP: 0/0
     4 | D        | Reached XP level 9. HP: 72/72 MP: 0/0
     4 | D        | Learned a level 3 spell: Summon Guardian Golem
     4 | D        | Reached XP level 10. HP: 78/78 MP: 0/0
     4 | D        | Reached XP level 11. HP: 84/84 MP: 0/0
     4 | D        | Learned a level 5 spell: Alistair's Intoxication
     4 | D        | Became a worshipper of Makhleb the Destroyer
     4 | D        | Noticed a meat berserker
     6 | D        | Noticed a bag of meat
     6 | D        | Noticed a meat berserker
     6 | D        | Noticed a bag of meat
     6 | D        | Noticed a bag of meat
     6 | D        | Noticed a bag of meat
     7 | D        | Noticed a bag of meat
     7 | D        | Noticed a meat berserker
     7 | D        | Noticed a bag of meat
     7 | D        | Noticed a bag of meat
     8 | D        | Noticed a bag of meat
     8 | D        | Noticed a meat berserker
     8 | D        | Noticed a bag of meat
     8 | D        | Noticed a bag of meat
     9 | D        | Noticed a bag of meat
     9 | D        | Noticed a bag of meat
    10 | D        | Killed a bag of meat
    10 | D        | Killed a meat berserker
    10 | D        | Reached * piety under Makhleb
    10 | D        | Killed a bag of meat
    10 | D        | Demolished by a bag of meat

Illustrated notes

Levels and vault maps discovered:
D:        meatsprint

Skill      XL: |  1 |
---------------+----+-----
Fighting       | 9 |  9.1
Axes           | 7 |  7.6
Throwing       | 3 |  3.0
Armour         | 3 |  3.7
Dodging        | 10 | 10.0
Spellcasting   | 16 | 16.1

Action                   |  1- 3 |  4- 6 |  7- 9 | 10-12 || total
-------------------------+-------+-------+-------+-------++-------
Melee: Executioner's axe |     1 |       |       |     1 ||     2
